 Dungeon Crawl Stone Soup version 0.32-a0-450-g080537f31e (webtiles) character file.

Game seed: 7028338641025369578

62 PriceMaster the Magician (level 3, -2/16 HPs)
             Began as a Spriggan Earth Elementalist on Feb 24, 2024.
             Was a Follower of Lugonu.
             Killed from afar by Grinder (6 damage)
             ... with a puff of flame
             ... on level 3 of the Dungeon.
             The game lasted 00:03:00 (2884 turns).

PriceMaster the Magician (SpEE)                     Turns: 2884, Time: 00:03:01

Health: -2/16      AC:  2    Str:  4    XL:     3   Next: 85%
Magic:  3/9        EV: 17    Int: 18    God:    Lugonu [*.....]
Gold:   78         SH:  0    Dex: 15    Spells: 3/9 levels left

rFire   . . .        i - +2 whip (venom)
rCold   . . .        (no shield)
rNeg    . . .        a - +0 robe
rPois   .            (helmet restricted)
rElec   .            (no cloak)
rCorr   .            (gloves unavailable)
SInv    +            (boots unavailable)
Will    .....        (no amulet)
Stlth   ++           (no ring)
HPRegen 0.22/turn    (no ring)
MPRegen 0.11/turn

%: no passive effects
@: very slightly contaminated, very quick
A: very small, no large weapons, unfitting armour, see invisible, speed 3
a: Renounce Religion, Depart the Abyss


You were on level 3 of the Dungeon.
You worshipped Lugonu.
Lugonu was aware of your devotion.
You visited 1 branch of the dungeon, and saw 3 of its levels.

You collected 78 gold pieces.

Inventory:

Hand Weapons
 i - a +2 whip of venom (weapon)
Armour
 a - a +0 robe (worn)
Wands
 j - a wand of digging (2)
Scrolls
 c - a scroll of acquirement {unknown}
 d - a scroll of fear {unknown}
 f - a scroll of enchant weapon {unknown}
 g - a scroll of identify {unknown}
 h - a scroll of fog {unknown}
 k - a scroll of immolation {unknown}
 l - a scroll of summoning {unknown}
 n - a scroll of revelation {unknown}
Potions
 b - a potion of magic
 m - a potion of haste {unknown}


   Skills:
 + Level 2.7 Dodging
 + Level 3.2 Stealth
 + Level 3.8 Spellcasting
 + Level 0.6 Conjurations
 + Level 3.7 Earth Magic


You had 3 spell levels left.
You knew the following spells:

 Your Spells              Type           Power      Damage    Failure   Level
a - Sandblast             Erth           32%        2d9       3%          1
b - Static Discharge      Conj/Air       8%         3-4/arc   21%         2
c - Stone Arrow           Conj/Erth      22%        3d8       19%         3

Your spell library contained the following spells:

 Spells                   Type           Power      Damage    Failure   Level
 Passwall                 Erth           16%        N/A       10%         3
 Freeze                   Ice            12%        1d3       16%         1
 Hailstorm                Conj/Ice       4%         3d5       36%         3
 Frozen Ramparts          Ice            6%         1d1       41%         3
 Brom's Barrelling Bould  Conj/Erth      11%        2d3       52%         4
 Petrify                  Alch/Erth      10%        N/A       56%         4
 Airstrike                Air            1%         2d(1-17)  83%         4
 Summon Lightning Spire   Summ/Air       3%         N/A       83%         4


Dungeon Overview and Level Annotations

Branches:
Dungeon (3/15)

Altars:
Lugonu

Annotations:
D:3 Grinder


Innate Abilities, Weirdness & Mutations

You are very small and have problems with some larger weapons.
You are too small for most types of armour.
You have supernaturally acute eyesight. (SInv)
You cover ground extremely quickly. (Speed+++)


Message History

You suddenly lose the ability to move!
Grinder zaps a wand.
The puff of flame hits you.
Grinder blinks!
You can move again.
Casting: Stone Arrow (astonishingly dangerous; 19% risk of failure)
Confirm with . or Enter, or press ? or * to list all spells.
Aiming: Sandblast (safe; 3% risk of failure)
Press: ? - help, Shift-Dir - straight line, f/p - Grinder
Aim: Grinder, carrying a wand of flame (80% to hit)
The blast of sand hits Grinder.
Grinder is lightly wounded.
Grinder hits you.
Unknown command.
Casting: Sandblast (safe; 3% risk of failure)
Confirm with . or Enter, or press ? or * to list all spells.
Okay, then.
Casting: Stone Arrow (astonishingly dangerous; 19% risk of failure)
Confirm with . or Enter, or press ? or * to list all spells.
Grinder is struck by an arc of lightning.
Grinder is moderately wounded.
You are struck by an arc of lightning.
* * * LOW HITPOINT WARNING * * *
The lightning grounds out.
Grinder gestures at you. You resist with significant effort.
Casting: Static Discharge (safe; 21% risk of failure)
Confirm with . or Enter, or press ? or * to list all spells.
You miscast Static Discharge.
You are very lightly contaminated with residual magic.
Nothing appears to happen.
Grinder closely misses you.
Unknown command.
Casting: Static Discharge (safe; 21% risk of failure)
Confirm with . or Enter, or press ? or * to list all spells.
Grinder is struck by an arc of lightning.
Grinder is moderately wounded.
You are struck by an arc of lightning.
* * * LOW HITPOINT WARNING * * *
The lightning grounds out.
Grinder zaps a wand.
The puff of flame hits you.
You die...
Grinder says, "Hey, I wasn't done torturing you yet!"

#### #. #.#<...#
....?#. #.###..#.
.....#.######......>.#
.....#.........#######
#..........##.#
#..........# +#
#..........#
#....5..[..#
#.....@....#
#.....?....#
#..........#
#..........#
..............+
###...........#
#..........[#
#...........#
#.#####+#####


You could see Grinder.

Vanquished Creatures
  An adder (D:2)
  2 dart slugs (D:1)
  3 bats
  6 endoplasms
  2 giant cockroaches
  4 goblins
  3 hobgoblins
  3 jackals (D:1)
  4 kobolds
  2 quokkas
  5 ball pythons
  3 frilled lizards
  6 rats
44 creatures vanquished.

Notes
Turn   | Place    | Note
-------+----------+-------------------------------------------
     0 | D:1      | PriceMaster the Spriggan Earth Elementalist began the quest
                  | for the Orb.
     0 | D:1      | Reached XP level 1. HP: 9/9 MP: 5/5
   205 | D:1      | Reached XP level 2. HP: 13/13 MP: 4/6
   208 | D:1      | Learned a level 2 spell: Static Discharge
   743 | D:1      | Reached XP level 3. HP: 16/16 MP: 5/8
   850 | D:1      | Found a faded altar of an unknown god.
   925 | D:1      | Prayed at the altar of an unknown god.
   925 | D:1      | Became a worshipper of Lugonu the Unformed
   925 | D:1      | Reached * piety under Lugonu
  1309 | D:2      | Learned a level 3 spell: Stone Arrow
  1739 | D:2      | Identified the +7 rapier "Ytig" {drain, rN+ rCorr}
  2842 | D:3      | Noticed Grinder
  2858 | D:3      | Paralysed by Grinder for 4 turns
  2877 | D:3      | Paralysed by Grinder for 3 turns
  2884 | D:3      | Killed from afar by Grinder

Illustrated notes

Levels and vault maps discovered:
D:1:      minmay_arrival_plants_in_alcoves, layout_loops_corners,
          shapermc_ecumenical_altar_mp_urbaneastern, grunt_decor_mini_mirrors
D:2:      layout_loops_cross, serial_co_window_serial, co_window_corner_a,
          co_window_paths_a, co_window_paths_a, co_window_of_opportunity_a,
          co_window_of_opportunity_a, co_window_paths_a, co_window_paths_a,
          co_window_corner_ca, co_window_broadway_a, co_window_paths_c,
          co_window_corner_b, co_window_corner_b, co_window_sun,
          co_window_4corner_a, glass_columns_b, glass_columns_a, glass_columns_a
D:3:      layout_basic, uniq_grinder, uniq_jessica

Skill      XL: |  1  2 |
---------------+-------+-----
Earth Magic    | 3 |  3.7
Spellcasting   | 3 |  3.8
Dodging        | |  2.7
Stealth        | |  3.2
Conjurations   | |  0.6

Action                     || total
---------------------------++-------
  Melee: Unarmed           ||     1
         Whip              ||    23
   Cast: Sandblast         ||    47
         Static Discharge  ||     2
    Use: Potion            ||     1
 Armour: Robe              ||    19
  Dodge: Dodged            ||    22

Table legend: (Time is in decaauts)
 A = Elapsed time spent in this place.
 B = Non-inter-level travel time spent in this place.
 C = Inter-level travel time spent in this place.
 D = Time resting spent in this place.
 E = Time spent auto-exploring this place.
 F = Levels seen in this place.
 G = Mean time per level.
                   A        B        C        D        E       F      G
               +--------+--------+--------+--------+--------+-----+--------+
         Total |   1982 |   1723 |    259 |      9 |   1472 |   3 |  660.7 |
       Dungeon |   1982 |   1723 |    259 |      9 |   1472 |   3 |  660.7 |
               +--------+--------+--------+--------+--------+-----+--------+

Top non-repeatable levels by time:
     D:2: 976 daAuts
     D:1: 955 daAuts
     D:3: 50 daAuts
